 Dungeon Crawl Stone Soup version 0.21-a0-426-g98080a9 (webtiles) character file.

29 Ijustatesigmund the Sneak (level 3, 0/24 HPs)
             Began as an Octopode Enchanter on Nov 7, 2017.
             Succumbed to an adder's poison
             ... on level 2 of the Dungeon.
             The game lasted 00:02:14 (907 turns).

Ijustatesigmund the Sneak (Octopode Enchanter)       Turns: 907, Time: 00:02:14

Health: 0/24       AC:  1    Str:  7    XL:     3   Next: 16%
Magic:  6/6        EV: 13    Int: 17    God:
Gold:   98         SH:  0    Dex: 13    Spells: 3/6 levels left

rFire    . . .     SeeInvis .   a - +1 dagger
rCold    . . .     Gourm    .   (no shield)
rNeg     . . .     Faith    .   (helmet restricted)
rPois    .         Spirit   .   (no amulet)
rElec    .         Reflect  .   (no ring)
rCorr    .         Harm     .   (no ring)
MR       .....                  (no ring)
Stlth    +++.......             (no ring)
HPRegen  0.08/turn              (no ring)
MPRegen  0.10/turn              (no ring)
                                (no ring)
                                (no ring)

@: lethally poisoned (0 -> -9)
A: almost no armour, stealthy swim, amphibious, 8 rings, constrict 8, camouflage
1, gelatinous body 1
a: no special abilities


You were on level 2 of the Dungeon.
You were not hungry.

You visited 1 branch of the dungeon, and saw 2 of its levels.

You collected 98 gold pieces.

Inventory:

Hand Weapons
 a - a +1 dagger (weapon)
Scrolls
 d - 3 scrolls of identify {unknown}
 e - a scroll of teleportation {unknown}
Books
 b - a book of Maledictions

   Spells                             Type                      Level
   a - Corona                         Hexes                        1
   b - Ensorcelled Hibernation        Hexes/Ice                    2
   c - Confuse                        Hexes                        3
   d - Tukima's Dance                 Hexes                        3
   e - Dazzling Spray                 Conjuration/Hexes            3
Comestibles
 c - a bread ration
 f - a meat ration


   Skills:
 + Level 1.7 Fighting
 + Level 2.2 Short Blades
 - Level 2.0 Dodging
 - Level 4.0 Stealth
 - Level 2.0 Spellcasting
 - Level 3.0 Hexes


You had 3 spell levels left.
You knew the following spells:

 Your Spells              Type           Power        Failure   Level  Hunger
a - Corona                Hex            ##.....      5%          1    #......
b - Ensorcelled Hibernat  Hex/Ice        #.....       16%         2    ###....


Dungeon Overview and Level Annotations

Branches:
Dungeon (2/15)

Altars:


Innate Abilities, Weirdness & Mutations

You cannot wear most types of armour.
You are very stealthy in the water. (Stealth+)
You are amphibious.
You can wear up to eight rings at the same time.
You can use your tentacles to constrict eight enemies at once.
Your skin changes colour to match your surroundings (Stealth+).
Your rubbery body absorbs attacks. (AC +1, EV +1)


Message History

The adder poisons you!
You aren't carrying any potions.
You hit the adder.
You kill the adder!
You have reached level 3!
Your experience leads to an increase in your attributes!
Increase (S)trength, (I)ntelligence, or (D)exterity?
You feel agile.
* * * LOW HITPOINT WARNING * * *
You feel sick.
* * * LOW HITPOINT WARNING * * *
You feel sick.
* * * LOW HITPOINT WARNING * * *
You feel sick. The quokka misses you.
* * * LOW HITPOINT WARNING * * *
You feel sick.
You closely miss the quokka. Your grab misses the quokka.
The quokka closely misses you.
You barely miss the quokka. Your grab misses the quokka.
You die...

###### #.##.. #.##.#
#.##.#
#####.##.######.. #
#.....##..... ..#
#.#..##.##..#####.##
#...........##.....
####@######.##.##.#
#.r.# #.##.##<###
#...# #..........
#...# ##.#.....##
#..##.# ##...#..#
#8.. .# ###.##..##
#...> .# ........##
#.... .# .##.##..##
..#8.. .. ..
#.##..##


You could see a quokka.

Vanquished Creatures
  An adder (D:2)
  A dart slug (D:1)
  A leopard gecko (D:1)
  A giant cockroach (D:1)
  5 hobgoblins
  A ball python (D:1)
  4 kobolds (D:1)
  3 rats
17 creatures vanquished.

Notes
Turn   | Place    | Note
-------+----------+-------------------------------------------
     0 | D:1      | Ijustatesigmund the Octopode Enchanter began the quest for the Orb.
     0 | D:1      | Reached XP level 1. HP: 11/11 MP: 3/3
   224 | D:1      | Reached skill level 1 in Fighting
   224 | D:1      | Reached XP level 2. HP: 15/18 MP: 5/5
   237 | D:1      | Learned a level 2 spell: Ensorcelled Hibernation
   902 | D:2      | Reached XP level 3. HP: 5/24 MP: 6/6
   905 | D:2      | HP: 1/24 [poisoned by an adder]
   907 | D:2      | Succumbed to an adder's poison

Vault maps used:
D:1:      dpeg_arrival_round_a
D:2:      overflow_temple_1_default, lemuel_crystal_altar, st_stairs_6,
          kennysheep_potato

Skill      XL: |  1  2 |
---------------+-------+-----
Fighting       | 1 |  1.7
Short Blades   | 2 |  2.2
Dodging        | |  2.0
Stealth        | |  4.0
Spellcasting   | |  2.0
Hexes          | |  3.0

Action                   || total
-------------------------++-------
Melee: Dagger            ||    39
       Constrict         ||     9
       Tentacles         ||     8
 Stab: Sleeping          ||     6
Dodge: Dodged            ||    16

Table legend:
 A = Spawn XP
 B = Non-spawn XP
 C = Spawn XP percentage of total XP
 D = Spawn monster count
 E = Non-spawn monster count
 F = Spawn count percentage of total count
 G = Total turns spent on level
                    A         B        C        D         E        F      G
               +---------+---------+-------+---------+---------+-------+---------
         Total |       0 |      42 |   0.0 |       0 |      17 |   0.0 |   907
               +---------+---------+-------+---------+---------+-------+---------
           D:1 |       0 |      23 |   0.0 |       0 |      13 |   0.0 |   697
           D:2 |       0 |      19 |   0.0 |       0 |       4 |   0.0 |   210
               +---------+---------+-------+---------+---------+-------+---------
